 Dungeon Sprint DCSS version 0.19.0-24-gb05acd6 (webtiles) character file.

296 Groucho the Covert (level 6, 0/30 HPs)
             Began as a Spriggan Assassin on Nov 21, 2016.
             Was an Initiate of Gozag.
             Slain by a killer bee (2 damage)
             ... in the Dungeon (Sprint IV: "Fedhas' Mad Dash").
             The game lasted 00:03:52 (1331 turns).

Groucho the Covert (Spriggan Assassin)              Turns: 1331, Time: 00:03:54

Health: 0/30       AC:  3    Str:  7    XL:     6   Next: 12%
Magic:  11/13      EV: 17    Int: 14    God:    Gozag
Gold:   348        SH:  0    Dex: 18    Spells: 0 memorised, 13 levels left

rFire  . . .     SeeInvis +     a - +2 dagger
rCold  . . .     Gourm    .     c - +0 robe
rNeg   . . .     Faith    .     (shield restricted)
rPois  .         Spirit   .     (helmet restricted)
rElec  .         Reflect  .     d - +0 cloak
rCorr  .         Harm     .     (gloves unavailable)
MR     +....     NoTele   +     (boots unavailable)
Stlth  ++++++....               o - amulet of invisibility {+Inv}
                                (no ring)
                                (no ring)

@: gold aura, very slightly contaminated, invisible, very quick
A: unfitting armour, see invisible, herbivore 3, speed 3, slow metabolism 2
a: Potion Petition, Call Merchant, Bribe Branch, Renounce Religion, Turn Visible


You were in the Dungeon.
You worshipped Gozag.
Gozag was aware of your devotion.
You were hungry.

You visited 1 branch You collected 348 gold pieces.

Inventory:

Hand Weapons
 a - a +2 dagger (weapon)
 b - a +0 blowgun
Missiles
 e - 8 poisoned needles
 f - 2 curare-tipped needles
 p - 19 stones (quivered)
Armour
 c - a +0 robe (worn)
 d - a +0 cloak (worn)
Jewellery
 o - the amulet of invisibility (around neck) {+Inv}
   (You found it in the Dungeon)

   [amulet of nothing]

   It lets you turn invisible.
Scrolls
 m - a scroll of blinking
 n - a scroll of identify {unknown}
 q - a scroll of holy word {unknown}
Potions
 h - a potion of curing
 i - a potion of heal wounds
 j - a potion of haste
 k - 2 potions of magic
 l - a potion of berserk rage
Comestibles
 g - a bread ration


   Skills:
 - Level 1.5 Fighting
 + Level 4.4 Short Blades
 + Level 3.9 Throwing
 - Level 1.5 Dodging
 + Level 14.0 Stealth
 + Level 4.0 Spellcasting
 * Level 9.1 Evocations


You had 13 spell levels left.
You didn't know any spells.

Dungeon Overview and Level Annotations

Branches:
Dungeon (1/1)

Altars:
Cheibriados
Dithmenos
Elyvilon
Gozag
Hepliaklqana
Kikubaaqudgha
Makhleb
Nemelex Xobeh
Okawaru
Qazlal
Ru
Sif Muna
Trog
Uskayaw
Vehumet
Xom
Yredelemnul
Zin
The Shining One
Beogh
Jiyva
Lugonu


Innate Abilities, Weirdness & Mutations

You are very small and have problems with some larger weapons.
You are too small for most types of armour.
You have supernaturally acute eyesight. (SInv)
You are a herbivore.
You cover ground extremely quickly.
You need consume almost no food.


Message History

Your Evocations skill increases to level 9!
You have reached level 6!
Your experience leads to an increase in your attributes!
Increase (S)trength, (I)ntelligence, or (D)exterity?
You feel clever. The killer bee misses you. The killer bee stings you!
You hit the killer bee.
The killer bee is moderately wounded.
The killer bee barely misses you.
The queen bee buzzes angrily.
You hit the killer bee but do no damage.
The killer bee is moderately wounded.
You see here 54 gold pieces.
You barely miss the killer bee.
The killer bee is moderately wounded.
The killer bee barely misses you. The queen bee stings you!
* * * LOW HITPOINT WARNING * * *
The killer bee stings you.
You die...
Your body crumbles into a pile of gold.

###########################
#<..P#....÷#.....#.⌠._._._.
#PP..'.....'.#...'.._._._._
#PPPP#.....#.#...#..._._._.
###############'##.._._._._
#..y♣....y...'...#.⌠._._._.
#%..y..♣.y@..#...##########
#..y..♣..♣..######
##+####+#####


$$$$ $$ You could see a queen bee and a killer bee.

Vanquished Creatures
  4 oklob saplings (D)
  3 killer bees (D)
  A worker ant (D)
  A river rat (D)
  A rat (D)
10 creatures vanquished.

Notes
Turn   | Place    | Note
-------+----------+-------------------------------------------
     0 | D        | Groucho the Spriggan Assassin began the quest for the Orb.
     0 | D        | Reached XP level 1. HP: 10/10 MP: 2/2
     9 | D        | Reached skill level 8 in Stealth
     9 | D        | Reached XP level 2. HP: 14/14 MP: 3/3
    14 | D        | Reached skill level 9 in Stealth
    26 | D        | Noticed an oklob sapling
    30 | D        | Reached skill level 11 in Stealth
    30 | D        | Reached XP level 3. HP: 18/18 MP: 4/4
    51 | D        | Found an opulent altar of Gozag.
    51 | D        | Found a hazy altar of Hepliaklqana.
    51 | D        | Found a roughly hewn altar of Beogh.
    51 | D        | Found a snail-covered altar of Cheibriados.
    52 | D        | Found a viscous altar of Jiyva.
    52 | D        | Found a burning altar of Makhleb.
    52 | D        | Found a sparkling altar of Nemelex Xobeh.
    52 | D        | Found a sacrificial altar of Ru.
    52 | D        | Found a deep blue altar of Sif Muna.
    52 | D        | Found a bloodstained altar of Trog.
    52 | D        | Found a shimmering altar of Xom.
    52 | D        | Found a basalt altar of Yredelemnul.
    52 | D        | Noticed an oklob sapling priest
    53 | D        | Found an iron altar of Okawaru.
    53 | D        | Found a shadowy altar of Dithmenos.
    53 | D        | Found a glowing silver altar of Zin.
    54 | D        | Found an ancient bone altar of Kikubaaqudgha.
    54 | D        | Found a hide-covered altar of Uskayaw.
    55 | D        | Found a stormy altar of Qazlal.
    55 | D        | Found a white marble altar of Elyvilon.
    55 | D        | Found a glowing golden altar of the Shining One.
    56 | D        | Became a worshipper of Gozag Ym Sagoz the Greedy
    57 | D        | Found a corrupted altar of Lugonu.
    57 | D        | Found a radiant altar of Vehumet.
    60 | D        | Killed an oklob sapling priest
    60 | D        | Reached skill level 12 in Stealth
    60 | D        | Reached XP level 4. HP: 22/22 MP: 2/8
    71 | D        | Reached skill level 13 in Stealth
   309 | D        | Reached skill level 1 in Spellcasting
   309 | D        | Reached XP level 5. HP: 25/25 MP: 7/11
   584 | D        | Noticed a queen bee
  1327 | D        | Reached skill level 14 in Stealth
  1327 | D        | Reached XP level 6. HP: 21/30 MP: 10/13
  1331 | D        | Slain by a killer bee

Skill      XL: |  1  2  3  4  5 |
---------------+----------------+-----
Stealth        | 8 11 12 13 14 | 14.0
Evocations     | 4 6 9 |  9.1
Spellcasting   | 1 4 |  4.0
Short Blades   | 4 |  4.4
Throwing       | 3 |  3.9
Fighting       | |  1.5
Dodging        | |  1.5

Action                   |  1- 3 |  4- 6 || total
-------------------------+-------+-------++-------
Melee: Dagger            |     4 |    19 ||    23
 Fire: Blowgun           |     1 |       ||     1
 Abil: Evoke Invisibilit |     1 |     4 ||     5
 Stab: Sleeping          |     3 |     3 ||     6
       Invisible         |       |     3 ||     3
Armor: Robe              |       |     1 ||     1
Dodge: Dodged            |       |    14 ||    14
